Map: Dusk Towers

Players

Miszu - Winner!

  • Race: Terran Terran
  • League: Grandmaster

Mamba

  • Race: Zerg Zerg
  • League: Grandmaster

VOD

Have the link to the VOD?

Description

Time

  • Played on: May 28, 2016, 6:08 p.m.
  • Length: 5:44
Show
View Real Time Build Order
Export as new Build Order

Miszu Terran - Winner!

Build Orders: Reaper Expand 

Get SALT Encoding   

  12  0:02  SCV  
  13  0:14  SCV  
  14  0:18  Supply Depot  
  14  0:26  SCV  
  15  0:40  SCV  
  15  0:41  Barracks  
  16  0:44  Refinery  
  16  0:52  SCV  
  17  1:04  SCV  
  19  1:21  SCV  
  19  1:31  Reaper  
  20  1:33  Orbital Command  
  20  1:42  Command Center  
  20  1:51  Supply Depot  
  20  1:58  SCV  
  21  2:03  Marine  
  21  2:08  Factory  
  22  2:10  SCV  
  23  2:22  Barracks Reactor, SCV  
  24  2:35  SCV  
  25  2:48  Command Center, SCV  
  26  2:54  Orbital Command  
  26  3:00  SCV  
  27  3:09  Hellion x2  
  27  3:12  Barracks Tech Lab  
  31  3:15  Barracks, SCV  
  32  3:22  SCV  
  32  3:27  SCV  
  32  3:30  Refinery  
  32  3:34  SCV  
  34  3:35  Marine, Stimpack  
  34  3:40  SCV  
  36  3:44  Supply Depot, Factory Reactor  
  36  3:46  SCV  
  37  3:52  SCV  
  37  3:53  Barracks  
  38  3:57  Marine  
  38  3:58  SCV  
  40  4:02  Orbital Command  
  40  4:04  SCV  
  41  4:10  SCV  
  41  4:16  SCV  
  43  4:18  Marine  
  43  4:19  Marine x2  
  43  4:22  SCV  
  47  4:25  Engineering Bay  
  47  4:26  Engineering Bay  
  47  4:28  SCV  
  47  4:29  Factory Reactor  
  48  4:35  Supply Depot  
  48  4:36  Marine  
  48  4:37  Marine, Marauder  
  52  4:41  Starport  
  52  4:46  Marine x2  
  54  4:54  Marine  
  54  4:57  Engineering Bay  
  55  5:00  Supply Depot  
  55  5:01  Engineering Bay  
  55  5:03  Supply Depot, Marine  
  55  5:04  Marine  
  54  5:17  Marine  
  54  5:18  Marine x2  
  53  5:21  Marine  
  53  5:22  Marine  
Show
View Real Time Build Order
Export as new Build Order

Mamba Zerg 

Build Orders: Hatch First, Roach Nydus 

Get SALT Encoding   

  12  0:01  Drone  
  13  0:13  Overlord  
  13  0:17  Drone  
  14  0:31  Drone x2  
  14  0:35  Drone  
  17  0:52  Hatchery  
  17  0:55  Drone  
  17  0:58  Drone  
  18  1:10  Extractor  
  17  1:12  Spawning Pool  
  17  1:15  Drone  
  17  1:19  Drone  
  18  1:28  Drone  
  19  1:40  Overlord  
  19  1:59  Queen  
  19  2:01  Zergling x4  
  23  2:04  Queen  
  23  2:05  Drone  
  26  2:11  Drone  
  26  2:15  Metabolic Boost, Drone  
  29  2:22  Drone  
  29  2:25  Drone  
  30  2:34  Queen, Drone  
  33  2:39  Drone  
  34  2:46  Overlord  
  34  2:49  Drone  
  35  2:52  Lair  
  35  2:56  Overlord  
  35  3:00  Drone  
  36  3:08  Drone x4  
  40  3:13  Drone x3  
  43  3:25  Queen  
  43  3:26  Roach Warren  
  43  3:27  Extractor  
  43  3:30  Overlord  
  43  3:40  Overlord  
  43  3:54  Queen  
  45  3:59  Nydus Network  
  45  4:01  Queen  
  46  4:05  Roach  
  46  4:07  Roach  
  50  4:12  Roach  
  52  4:21  Roach  
  52  4:22  Roach  
  56  4:24  Overlord  
  56  4:28  Overlord  
  56  4:29  Overlord  
  56  4:32  Roach x2  
  60  4:41  Overlord  
  60  4:44  Extractor  
  59  4:50  Nydus Canal  
  59  4:55  Roach  
  59  4:58  Overlord  
  61  5:03  Roach x2  
Tags
 
Add a new tag
Caveats
  • Supply blocks, unpowered buildings, or Contaminate may cause inaccurate times.
  • Supply counts are checked every 10 seconds.